 Dungeon Crawl Stone Soup version 0.20.0-10-g0535bb4 (webtiles) character file.

1421 Naow the Slasher (level 8, -4/106 HPs)
             Began as a Green Draconian Berserker on June 7, 2017.
             Was a Priest of Trog.
             Slain by Grinder (5 damage)
             ... on level 6 of the Dungeon.
             The game lasted 00:09:58 (5900 turns).

Naow the Slasher (Green Draconian Berserker)        Turns: 5900, Time: 00:09:58

Health: -4/106     AC:  8    Str: 26    XL:     8   Next: 44%
Magic:  8/8        EV: 14    Int:  8    God:    Trog [***...]
Gold:   249        SH:  0    Dex: 11    Spells: 7/7 levels left

rFire    + . .     SeeInvis .   a - +0 falchion
rCold    . . .     Gourm    .   (no shield)
rNeg     . . .     Faith    .   (armour unavailable)
rPois    +         Spirit   .   (helmet restricted)
rElec    .         Reflect  .   F - +0 cloak
rCorr    .         Harm     .   (no gloves)
MR       .....                  (no boots)
Stlth    ..........             (no amulet)
Regen    0.3/turn               z - +1 ring of protection
MPRegen  0.2/turn               D - ring of protection from fire

@: berserking (expiring), very quick
A: breathe noxious fumes, unfitting armour, poison resistance, cold-blooded, AC
+6
a: Breathe Noxious Fumes, Berserk, Trog's Hand, Burn Spellbooks, Renounce
Religion


You were on level 6 of the Dungeon.
You worshipped Trog.
Trog was most pleased with you.
You were not hungry.

You visited 1 branch of the dungeon, and saw 6 of its levels.

You collected 249 gold pieces.

Inventory:

Hand Weapons
 a - a +0 falchion (weapon)
Armour
 F - a +0 cloak (worn)
Jewellery
 f - an uncursed ring of protection from fire
 z - a +1 ring of protection (left hand)
 D - a ring of protection from fire (right hand)
 I - a cursed -3 ring of intelligence
Wands
 l - a wand of polymorph (3/24)
 w - a wand of flame (6/48)
 H - a wand of lightning (1/15)
Scrolls
 c - 8 scrolls of identify
 e - a scroll of remove curse
 h - 4 scrolls of teleportation {unknown}
 i - 2 scrolls of amnesia {unknown}
 j - a scroll of noise {unknown}
 n - 2 scrolls of fear {unknown}
 q - 2 scrolls of enchant armour {unknown}
 r - a scroll of immolation {unknown}
 v - a scroll of magic mapping {unknown}
 A - 2 scrolls of enchant weapon {unknown}
 B - a scroll of fog {unknown}
 J - a scroll of recharging {unknown}
 K - a scroll of vulnerability {unknown}
Potions
 d - a potion of resistance {unknown}
 g - 5 potions of curing
 k - a potion of heal wounds {unknown}
 m - a potion of haste {unknown}
 o - a potion of ambrosia {unknown}
 p - 2 potions of brilliance {unknown}
 s - a potion of lignification {unknown}
 x - 2 potions of mutation {unknown}
 E - a potion of agility {unknown}
Books
 y - a book of Misfortune

   Spells                             Type                      Level
   a - Confusing Touch                Hexes                        1
   b - Confuse                        Hexes                        3
   c - Gell's Gravitas                Translocation                3
   d - Petrify                        Transmutation/Earth          4
   e - Metabolic Englaciation         Hexes/Ice                    5
   f - Yara's Violent Unravelling     Hexes/Transmutation          5
   Trog disapproves of the use of such an item.
 G - a book of Maledictions

   Spells                             Type                      Level
   a - Corona                         Hexes                        1
   b - Ensorcelled Hibernation        Hexes/Ice                    2
   c - Confuse                        Hexes                        3
   d - Tukima's Dance                 Hexes                        3
   e - Dazzling Spray                 Conjuration/Hexes            3
   Trog disapproves of the use of such an item.
Comestibles
 b - 4 bread rations
 t - a fruit
 C - a royal jelly


   Skills:
 + Level 6.5 Fighting
 * Level 7.9 Long Blades
 + Level 5.7 Dodging


You had 7 spell levels left.
You didn't know any spells.

Dungeon Overview and Level Annotations

Branches:
Dungeon (6/15)             Temple (0/1) D:4

Altars:
Gozag
Nemelex Xobeh
The Shining One

Shops:
D:5 [

Annotations:
D:6 Grinder


Innate Abilities, Weirdness & Mutations

You can breathe blasts of noxious fumes.
Your lurid green scales are hard. (AC +6)
You cannot fit into any form of body armour.
Your system is resistant to poisons. (rPois)
You are cold-blooded and may be slowed by cold attacks.


Message History

Grinder gestures at you. Pain shoots through your body!
* * * LOW HITPOINT WARNING * * *
You slash Grinder!
Your tail-slap misses Grinder.
Grinder is moderately wounded.
Grinder gestures at you.
You struggle to resist.
You closely miss Grinder.
Grinder is moderately wounded.
You slash Grinder!
Grinder is severely wounded.
Grinder blinks!
You feel a strong urge to attack something.
Grinder misses you.
You hit Grinder.
Grinder is severely wounded.
Grinder hits you.
* * * LOW HITPOINT WARNING * * *
You writhe in agony.
You die...

#.##.### #.#..#.# # #####
#......#
###...###......###
.#........#.<....#
......#...###...##
..#...#...##(((##
.##...#........5###
.##...#.........@.##
..#...#.......#..(.#
............###...ยง).#
............# #..........
...........###........##..
........... #.......##
##...... #......## ......
##....## ..... ##..##


You could see Grinder.

Vanquished Creatures
  Pikel (D:4)
  3 slaves (D:4)
  A phantom (D:5)
  An ice beast (D:5)
  An ogre (D:3)
  A centaur (D:6)
  The ghost of boben the Shield-Bearer, an amateur VSFi (D:3)
  A centaur zombie (D:3)
  A jelly (D:6)
  An orc priest (D:5)
  2 iguanas (D:4)
  Ijyb (D:3)
  Natasha (thrice) (D:2)
  An orc wizard (D:5)
  2 worker ants
  A hound zombie (D:3)
  A howler monkey zombie (D:3)
  2 worker ant zombies (D:3)
  Robin (D:2)
  4 gnolls (D:2)
  10 adders
  An ooze (D:1)
  An adder zombie (D:3)
  An adder skeleton (D:3)
  3 dart slugs
  4 leopard geckos
  9 orcs
  3 ball pythons
  7 giant cockroaches
  13 goblins
  9 hobgoblins
  5 quokkas
  A ball python skeleton (D:3)
  3 bats
  5 frilled lizards
  A jackal zombie (D:3)
  6 kobolds
  A quokka zombie (D:5)
  5 rats
118 creatures vanquished.

Vanquished Creatures (others)
  A howler monkey (D:4)
1 creature vanquished.

Grand Total: 119 creatures vanquished

Notes
Turn   | Place    | Note
-------+----------+-------------------------------------------
     0 | D:1      | Naow the Draconian Berserker began the quest for the Orb.
     0 | D:1      | Reached XP level 1. HP: 19/19 MP: 1/1
   196 | D:1      | Reached XP level 2. HP: 16/26 MP: 2/2
   858 | D:2      | Noticed Natasha
   865 | D:2      | Noticed a crimson imp
   870 | D:2      | Killed Natasha
   870 | D:2      | Reached XP level 3. HP: 33/33 MP: 3/3
  1077 | D:2      | Reached skill level 4 in Long Blades
  1077 | D:2      | Reached XP level 4. HP: 31/40 MP: 4/4
  1211 | D:2      | Noticed Robin
  1260 | D:2      | Reached ** piety under Trog
  1361 | D:2      | Killed Robin
  1540 | D:2      | Reached XP level 5. HP: 23/46 MP: 5/5
  1642 | D:2      | Noticed Natasha
  1655 | D:2      | Killed Natasha
  1665 | D:2      | Noticed Natasha
  1692 | D:2      | Killed Natasha
  2171 | D:2      | Reached skill level 5 in Long Blades
  2418 | D:3      | Noticed boben's ghost (amateur VSFi)
  2425 | D:3      | Killed boben's ghost
  2425 | D:3      | Reached XP level 6. HP: 44/53 MP: 6/6
  2870 | D:3      | Noticed Ijyb
  2881 | D:3      | Killed Ijyb
  3273 | D:3      | Reached skill level 6 in Long Blades
  3273 | D:3      | Your scales start taking on a lurid green colour.
  3273 | D:3      | Reached XP level 7. HP: 60/60 MP: 7/7
  3273 | D:3      | Gained mutation: Your system is resistant to poisons. (rPois) [Green Draconian growth]
  3329 | D:3      | Found an opulent altar of Gozag.
  3333 | D:3      | Found a glowing golden altar of the Shining One.
  3502 | D:3      | Reached *** piety under Trog
  3657 | D:4      | Found a staircase to the Ecumenical Temple.
  3664 | D:4      | Reached skill level 5 in Fighting
  4014 | D:4      | Noticed Pikel
  4035 | D:4      | Killed Pikel
  4035 | D:4      | Reached skill level 7 in Long Blades
  4035 | D:4      | Reached skill level 5 in Dodging
  4254 | D:4      | Found a sparkling altar of Nemelex Xobeh.
  4549 | D:4      | Reached XP level 8. HP: 63/70 MP: 8/8
  4720 | D:5      | Entered Level 5 of the Dungeon
  4861 | D:5      | Found Jipt's Antique Armour Shoppe.
  5881 | D:6      | Noticed Grinder
  5890 | D:6      | Paralysed by Grinder for 4 turns
  5900 | D:6      | HP: 1/106 [Grinder (6)]
  5900 | D:6      | Slain by Grinder

Skill      XL: |  1  2  3  4  5  6  7  8 |
---------------+-------------------------+-----
Dodging        | 3 4 5 |  5.7
Long Blades    | 4 5 6 7 |  7.9
Fighting       | 4 5 6 |  6.5

Action                   |  1- 3 |  4- 6 |  7- 9 || total
-------------------------+-------+-------+-------++-------
Melee: Falchion          |    61 |   211 |   172 ||   444
       Tailslap          |     9 |    44 |    30 ||    83
       Unarmed           |       |     4 |       ||     4
Invok: Berserk           |       |     4 |     2 ||     6
 Abil: Breathe Noxious F |       |       |     2 ||     2
  Use: Scroll            |       |       |     2 ||     2
 Stab: Sleeping          |       |     1 |     1 ||     2
       Confused          |       |       |     3 ||     3
       Distracted        |       |       |     1 ||     1
  Eat: Chunk             |       |    11 |     8 ||    19
       Meat ration       |       |       |     1 ||     1
       Fruit             |       |       |     1 ||     1
Armor: Skin              |    17 |    59 |    33 ||   109
Dodge: Dodged            |    53 |   174 |    96 ||   323
       Rpst.: Falchion   |    20 |    53 |    25 ||    98
